AoeStats
← varunalur2879

Arabia

507610369Analyzed
4v4 RM · 14d ago on Sep 19, 2026· 61m 28s· 8 players
Game mode
Random Map
Map size
Large (8 player)
Population
200
Speed
Normal
Resources
Standard
Victory
Conquest
Starting age
Dark Age
Ending age
Imperial Age
RankedLock teamsTeams togetherTeam positionsShared explorationLock speedFull tech treeHidden civsTurbo modeCheats
Victory
Defeat
🇮🇳 Ethiopians · India
1307
+17
🇺🇸 Magyars · United States
1273
+18
🇹🇷 Huns · Türkiye
1250
+19
🇺🇸 Berbers · United States
1184
+21
🇨🇦 Ethiopians · Canada
1369
-21
🇺🇸 Lithuanians · United States
1327
-19
🇮🇳 Persians · India
1309
-19
🇦🇷 Maya · Argentina
1256
-16
Crucio
7:42 Loom
10:26 Feudal Age
13:47 Double-Bit Axe
15:29 Horse Collar
20:13 Castle Age
18:42 Padded Archer Armor
18:58 Fletching
19:55 Gold Mining
21:53 Bow Saw
21:41 Bodkin Arrow
22:49 Ballistics
23:40 Leather Archer Armor
25:20 Thumb Ring
31:40 Gold Shaft Mining
30:57 Stone Mining
41:51 Wheelbarrow
43:38 Hand Cart
49:55 Husbandry
50:54 Forging
50:49 Scale Barding Armor
53:29 Imperial Age
51:16 Bloodlines
50:33 Light Cavalry
52:44 Iron Casting
55:03 Heavy Plow
59:15 Imperial Age
57:15 Chain Barding Armor
61:14 Blast Furnace
60:49 Plate Barding Armor
60:58 Plate Barding Armor
60:00 Hussar
我有低保我先上
5:09 Loom
9:33 Feudal Age
21:56 Castle Age
19:46 Double-Bit Axe
19:44 Horse Collar
19:59 Gold Mining
22:35 Wheelbarrow
22:51 Scale Barding Armor
23:04 Bloodlines
24:30 Bow Saw
24:24 Heavy Plow
28:48 Gold Shaft Mining
33:09 Chain Barding Armor
40:26 Hand Cart
40:34 Stone Mining
44:02 Imperial Age
41:36 Husbandry
44:21 Fletching
44:37 Cavalier
46:34 Plate Barding Armor
46:50 Paladin
48:53 Paladin
50:35 Conscription
60:43 Scale Mail Armor
60:40 Bodkin Arrow
60:45 Padded Archer Armor
60:48 Pikeman
61:45 Chain Mail Armor
varunalur2879
12:33 Loom
14:43 Feudal Age
15:29 Man-at-Arms
19:40 Castle Age
17:56 Double-Bit Axe
19:48 Wheelbarrow
19:02 Horse Collar
20:19 Fletching
21:20 Bow Saw
26:36 Town Watch
27:29 Hand Cart
27:03 Town Watch
28:37 Gold Mining
29:16 Scale Mail Armor
30:12 Chain Mail Armor
30:04 Stone Mining
30:51 Gold Shaft Mining
30:42 Forging
32:22 Iron Casting
31:59 Town Patrol
36:07 Imperial Age
36:14 Capped Ram
37:18 Conscription
38:04 Royal Heirs
38:49 Plate Mail Armor
38:19 Siege Ram
40:26 Blast Furnace
40:42 Onager
42:04 Squires
41:43 Elite Shotel Warrior
46:15 Coinage
47:38 Banking
49:18 Arson
49:31 Bodkin Arrow
50:44 Chemistry
49:56 Masonry
49:43 Murder Holes
50:22 Ballistics
50:13 Masonry
49:59 Murder Holes
iamjhing
7:25 Loom
9:49 Feudal Age
10:20 Double-Bit Axe
10:31 Horse Collar
17:39 Gold Mining
20:14 Castle Age
18:52 Bloodlines
19:36 Scale Barding Armor
22:07 Chain Barding Armor
21:59 Husbandry
22:46 Wheelbarrow
24:11 Forging
24:35 Heavy Plow
29:32 Bow Saw
31:18 Iron Casting
39:59 Fletching
43:27 Imperial Age
40:46 Town Watch
44:20 Hand Cart
44:47 Plate Barding Armor
43:36 Cavalier
45:22 Light Cavalry
48:27 Hussar
50:36 Conscription
50:17 Kasbah
51:51 Blast Furnace
53:38 Crop Rotation
54:13 Chemistry
53:25 Masonry
53:21 Siege Engineers
55:29 Ballistics
57:10 Bodkin Arrow
57:16 Padded Archer Armor
59:02 Hoardings
61:38 Leather Archer Armor
61:31 Bracer
[W0nder] weaponizednostalgia
6:43 Loom
9:34 Feudal Age
20:52 Castle Age
18:59 Double-Bit Axe
19:23 Horse Collar
20:00 Bloodlines
20:44 Gold Mining
21:28 Forging
22:25 Husbandry
24:40 Scale Barding Armor
26:30 Chain Barding Armor
28:53 Iron Casting
30:50 Wheelbarrow
30:01 Town Watch
33:19 Redemption
37:34 Imperial Age
37:49 Cavalier
40:24 Conscription
40:25 Block Printing
43:41 Plate Barding Armor
45:41 Hand Cart
47:20 Light Cavalry
49:52 Pikeman
50:34 Squires
51:58 Scale Mail Armor
52:09 Paladin
54:02 Fletching
54:28 Chain Mail Armor
57:22 Winged Hussar
OdinsProphet
6:31 Loom
9:04 Feudal Age
12:01 Fletching
11:58 Double-Bit Axe
16:11 Padded Archer Armor
17:45 Horse Collar
24:11 Castle Age
22:20 Gold Mining
22:24 Town Watch
24:26 Crossbowman
25:02 Bodkin Arrow
25:54 Leather Archer Armor
26:09 Thumb Ring
27:47 Bow Saw
28:43 Ballistics
32:40 Heavy Plow
39:39 Imperial Age
37:46 Wheelbarrow
39:08 Hand Cart
39:24 Stone Mining
40:10 Gold Shaft Mining
40:29 Bracer
40:07 Arbalester
42:26 Conscription
45:54 Coinage
47:07 Ring Archer Armor
48:09 Banking
48:50 Halberdier
50:24 Scale Mail Armor
50:36 Forging
52:49 Squires
53:05 Chain Mail Armor
53:26 Iron Casting
wallnboom
7:43 Loom
9:50 Feudal Age
10:14 Double-Bit Axe
10:09 Horse Collar
14:14 Forging
20:31 Wheelbarrow
24:11 Castle Age
22:47 Gold Mining
23:08 Bloodlines
25:19 Iron Casting
25:20 Husbandry
25:34 Bow Saw
25:54 Scale Barding Armor
37:53 Heavy Plow
44:10 Imperial Age
43:52 Cavalier
45:40 Blast Furnace
51:09 Savar
[Tps] Legio
0:26 Loom
9:52 Feudal Age
10:37 Double-Bit Axe
15:47 Fletching
17:50 Horse Collar
22:54 Castle Age
21:37 Gold Mining
23:45 Bodkin Arrow
23:13 Crossbowman
29:59 Heavy Plow
30:12 Bow Saw
32:44 Wheelbarrow
36:40 Imperial Age
36:06 Padded Archer Armor
36:35 Ballistics
37:13 Leather Archer Armor
37:28 Bracer
36:50 Arbalester
38:23 Hand Cart
39:12 Thumb Ring
40:42 Chemistry
58:00 Conscription
Connection lost

Rejoining the realm…

Still unreachable

The connection could not be restored.

Session expired

The server has moved on; the page needs a fresh start.